 Dungeon Crawl Stone Soup version 0.21.0-3-g78d12a8 (webtiles) character file.

32 Gorglomux the Shield-Bearer (level 3, -4/34 HPs)
             Began as a Deep Dwarf Fighter on Jan 12, 2018.
             Slain by a hobgoblin
             ... wielding a +0 broad axe
             ... led by Robin
              (7 damage)
             ... on level 2 of the Dungeon.
             The game lasted 00:00:18 (706 turns).

Gorglomux the Shield-Bearer (Deep Dwarf Fighter)     Turns: 706, Time: 00:00:19

Health: -4/34      AC:  7    Str: 20    XL:     3   Next: 8%
Magic:  3/3        EV:  7    Int:  8    God:
Gold:   78         SH:  9    Dex: 12    Spells: 2/2 levels left

rFire    . . .     SeeInvis .   a - +0 war axe
rCold    . . .     Gourm    .   c - +0 shield
rNeg     . . .     Faith    .   b - +0 scale mail
rPois    .         Spirit   .   (no helmet)
rElec    .         Reflect  .   (no cloak)
rCorr    .         Harm     .   (no gloves)
MR       .....                  (no boots)
Stlth    ..........             (no amulet)
HPRegen  0.00/turn              (no ring)
MPRegen  0.08/turn              (no ring)

@: non-regenerating
A: damage resistance, heal wounds, sense surroundings 1, no regeneration
a: Heal Wounds


You were on level 2 of the Dungeon.
You were not hungry.

You visited 1 branch of the dungeon, and saw 2 of its levels.

You collected 78 gold pieces.

Inventory:

Hand Weapons
 a - a +0 war axe (weapon)
Armour
 b - a +0 scale mail (worn)
 c - a +0 shield (worn)
Scrolls
 j - a scroll of identify {unknown}
 k - 2 scrolls of remove curse {unknown}
Potions
 d - a potion of might
 g - a potion of heal wounds {unknown}
 i - a potion of resistance {unknown}
 l - 2 potions of curing {unknown}
 m - a potion of lignification {unknown}
Comestibles
 f - 3 rations
 n - a chunk of flesh


   Skills:
 + Level 3.0 Fighting
 + Level 2.6 Axes
 + Level 3.7 Armour
 + Level 3.7 Shields


You had 2 spell levels left.
You didn't know any spells.

Dungeon Overview and Level Annotations

Branches:
Dungeon (2/15)

Altars:

Annotations:
D:2 Robin


Innate Abilities, Weirdness & Mutations

You are resistant to damage.
You can heal yourself by infusing magical energy.
You passively map a small area around you.
You do not regenerate.


Message History

You butt here a dagger!
Your shield prevents you from hitting the goblin!
You cut the rat but do no butt! You closely miss the hobgoblin!
You block the rat'butts attack! You block the goblin's butt!
Butt block the butt's attack!
The rat closely misses you! Robin barely misses you!
You fail to use your butt!
The goblin hits you but does no damage! The rat completely misses you!
The hobgoblin hits you with a butt axe!!! * * * don't die
* * * You block Robin's attack!
Unknown command!
You open Robin like a pillowcase!
Robin is moderately wounded!
You closely miss the goblin! You barely miss the rat!
Butt closely miss the hobgoblin!
The goblin hits you but does no damage! You block the rat's attack!
You block Robin's attack! The goblin hits you but does no damage!
The hobgoblin hits you with a broad axe!!! rip

,,, ,.....# #..., , *, *
** #..#####.# ### , * *
#........# #.# *
########....#########.#,
,
......................##*
**
###.........#########..#
*, *
.##.#################.##
* * .##.###
#.......g...## * ,
.##...# #.....r@####.## *
#####.#
#.....gg####..##*, ,
......# #.....)g.......#
, , #####.#
#....>..####.##.# ** *
#.# #.......# #..# ## ,
#.# #.......#
#..########.## #.#
##.#$#### #.รท((...).....
** #.# #.#.*
#.########..#. , ..# # #.
#.# .#


You could see Robin, 2 hobgoblins, a goblin and a rat.

Vanquished Creatures
  An ooze (D:1)
  6 goblins
  7 hobgoblins
  4 kobolds
  5 bats
23 creatures vanquished.

Notes
Turn   | Place    | Note
-------+----------+-------------------------------------------
     0 | D:1      | Gorglomux the Deep Dwarf Fighter began the quest for the Orb.
     0 | D:1      | Reached XP level 1. HP: 20/20 MP: 1/1
    48 | D:1      | Reached XP level 2. HP: 24/27 MP: 2/2
   694 | D:2      | Noticed Robin
   696 | D:2      | Reached skill level 3 in Fighting
   701 | D:2      | Reached XP level 3. HP: 24/34 MP: 3/3
   706 | D:2      | Slain by a hobgoblin

Skill      XL: |  1  2 |
---------------+-------+-----
Fighting       | 3 |  3.0
Axes           | |  2.6
Armour         | |  3.7
Shields        | |  3.7

Action                   || total
-------------------------++-------
Melee: War axe           ||    55
Armor: Scale mail        ||    42
Dodge: Dodged            ||    34
Block: Shield            ||    37
